 Dungeon Crawl Stone Soup version 0.32-a0-120-gfac0567ad4 (webtiles) character file.

Game seed: 12755775674841515276

20 Bravepunisher the Ducker (level 2, -1/16 HPs)
             Began as a Spriggan Monk on Feb 6, 2024.
             Slain by a wraith (9 damage)
             ... on level 5 of the Dungeon.
             The game lasted 00:04:45 (943 turns).

Bravepunisher the Ducker (Spriggan Monk)             Turns: 943, Time: 00:04:46

Health: -1/16      AC:  2    Str:  7    XL:     2   Next: 58%
Magic:  3/3        EV: 19    Int: 11    God:
Gold:   86         SH:  0    Dex: 17    Spells: 1/1 levels left

rFire   . . .        f - +3 dagger (venom)
rCold   . . .        (no shield)
rNeg    . . .        b - +0 robe
rPois   .            (helmet restricted)
rElec   .            (no cloak)
rCorr   .            (gloves unavailable)
SInv    +            (boots unavailable)
Will    .....        (no amulet)
Stlth   ++           (no ring)
HPRegen 0.22/turn    (no ring)
MPRegen 0.08/turn

%: no passive effects
@: mighty, slowed, quick
A: very small, no large weapons, unfitting armour, see invisible, speed 3
a: no special abilities


You were on level 5 of the Dungeon.
You visited 1 branch of the dungeon, and saw 6 of its levels.

You collected 86 gold pieces.

Inventory:

Hand Weapons
 f - a +3 dagger of venom (weapon)
Armour
 b - a +0 robe (worn)
Scrolls
 e - a scroll of noise {unknown}
 g - 4 scrolls of blinking {unknown}
 h - 3 scrolls of identify {unknown}
 l - a scroll of teleportation {unknown}
Potions
 c - a potion of ambrosia
 j - a potion of curing


   Skills:
 + Level 2.7 Fighting
 - Level 3.2 Short Blades
 * Level 4.9 Dodging


You had one spell level left.
You didn't know any spells.
Your spell library was empty.

Dungeon Overview and Level Annotations

Branches:
Dungeon (6/15)
 Temple: D:4-7

Altars:
Cheibriados
Fedhas
Wu Jian


Innate Abilities, Weirdness & Mutations

You are very small and have problems with some larger weapons.
You are too small for most types of armour.
You have supernaturally acute eyesight. (SInv)
You cover ground extremely quickly. (Speed+++)


Message History

You barely miss the wraith. The wraith hits you. The wraith drains your vigour!
You feel yourself slow down.
It was a potion of heal wounds.
You feel much better. The wraith hits you but does no damage.
You hit the wraith.
The wraith is lightly damaged.
The wraith hits you but does no damage.
You hit the wraith but do no damage.
The wraith is lightly damaged.
The wraith hits you but does no damage. x2
You barely miss the wraith.
The wraith is lightly damaged.
The wraith hits you but does no damage.
It was a potion of cancellation.
Your magical effects are unravelling.
You feel magically purged.
You feel less wooden.
Your +0 robe unmelds from your body.
You feel yourself speed up. The wraith completely misses you. x2
It was a potion of curing.
You feel better. The wraith misses you.
It was a potion of might.
You feel very mighty all of a sudden. The wraith hits you!
Ouch! That really hurt!
The wraith drains your vigour!
You feel yourself slow down.
You hit the wraith.
The wraith is lightly damaged.
The wraith misses you.
You hit the wraith.
The wraith is lightly damaged.
The wraith hits you.
You hit the wraith.
The wraith is moderately damaged.
The wraith closely misses you.
You hit the wraith but do no damage.
The wraith is moderately damaged.
The wraith hits you!
Ouch! That really hurt!
You die... ♣PZP♣ #.# ♣♣P.. #.# ♣P.PP

#.# ♣♣P.Z.
#.# ♣PZ!) #.#
#.# #g#
♣♣♣♣♣♣ #W#
#.#..# #@#
#....######.#
###.........#
###########


You could see a wraith and a gnoll.

Vanquished Creatures
  An orc (D:5)
  3 endoplasms (D:4)
  2 giant cockroaches
  4 hobgoblins
  2 ball pythons (D:4)
  3 goblins
  A kobold (D:4)
  A rat (D:1)
17 creatures vanquished.

Notes
Turn   | Place    | Note
-------+----------+-------------------------------------------
     0 | D:1      | Bravepunisher the Spriggan Monk began the quest for the
                  | Orb.
     0 | D:1      | Reached XP level 1. HP: 11/11 MP: 2/2
   207 | D:4      | Reached XP level 2. HP: 16/16 MP: 3/3
   227 | D:4      | Found an ornate altar of the Wu Jian Council.
   434 | D:5      | Entered Level 5 of the Dungeon
   468 | D:6      | Noticed an ice beast
   530 | D:4      | Found a blossoming altar of Fedhas.
   774 | D:4      | Found a snail-covered altar of Cheibriados.
   774 | D:4      | Noticed a bombardier beetle
   848 | D:5      | Noticed a wraith
   848 | D:5      | Noticed a spectral hound
   943 | D:5      | Slain by a wraith

Illustrated notes

Levels and vault maps discovered:
D:1:      denvon_arrival_waterhouse, layout_loops_cross
D:2:      layout_basic, hellmonk_ecumenical_altar_pennies_from_heaven,
          basic_altar, uniq_jessica
D:3:      layout_basic
D:4:      layout_loops_ring, fedhas_altar_2, lemuel_doored_altar, slow_altar_1
D:5:      layout_basic, xom_butterflies, worldfamousw_hep_ancestral_shrine,
          dilly_guarded_unrand_morg
D:6:      layout_cave_pools, lemuel_round_altar, minmay_temple_entry_offerings,
          serial_gnoll_camp, gnoll_camp_mini_basic, gnoll_camp_medium_02,
          gnoll_camp_mini_loothouse, gnoll_camp_mini_doghouse

Action                     || total
---------------------------++-------
  Melee: Short sword       ||    35
         Punch             ||     1
         Dagger            ||    32
    Use: Potion            ||     5
   Stab: Sleeping          ||     2
 Armour: Robe              ||    13
         Skin              ||     7
  Dodge: Dodged            ||    48

Table legend: (Time is in decaauts)
 A = Elapsed time spent in this place.
 B = Non-inter-level travel time spent in this place.
 C = Inter-level travel time spent in this place.
 D = Time resting spent in this place.
 E = Time spent auto-exploring this place.
 F = Levels seen in this place.
 G = Mean time per level.
                   A        B        C        D        E       F      G
               +--------+--------+--------+--------+--------+-----+--------+
         Total |    631 |    631 |      0 |      0 |    353 |   6 |  105.2 |
       Dungeon |    631 |    631 |      0 |      0 |    353 |   6 |  105.2 |
               +--------+--------+--------+--------+--------+-----+--------+

Top non-repeatable levels by time:
     D:4: 344 daAuts
     D:5: 135 daAuts
     D:1: 125 daAuts
     D:3: 15 daAuts
     D:2: 8 daAuts
     D:6: 1 daAuts
